 Dungeon Sprint DCSS version bcrawl-1.22 (webtiles) character file.

Game seed: 3602459156416802395

10082 Freyura the Nimble (level 11, 0/110 HPs)
             Began as a Minotaur Fighter on May 21, 2020.
             Was the Champion of the Shining One.
             Slain by an elephant (2 damage)
             ... summoned by a spriggan berserker
             ... in the Dungeon (Sprint V: "Ziggurat Sprint").
             The game lasted 00:13:36 (615 turns).

Freyura the Nimble (Minotaur Fighter)                Turns: 615, Time: 00:13:37

Health: 0/110      AC: 28    Str: 21    XL:     11   Next: 31%
Magic:  3/18       EV:  9    Int:  5    God:    the Shining One [******]
Gold:   0          SH: 33    Dex: 19    Spells: 10/10 levels left

rFire    + + .     SeeInvis .   G - +9 sacred scourge (holy)
rCold    + . .     Gourm    .   F - +3 large shield
rNeg     + + +     Faith    .   E - +5 gold dragon scales
rPois    +         Spirit   .   (helmet restricted)
rElec    .         Reflect  .   y - +2 cloak of Elyvilon's Envy {rF+}
rCorr    .         Harm     .   (no gloves)
MR       .....     NoTele   +   (no boots)
Stlth    ..........             (no amulet)
HPRegen  0.28/turn              w - +6 ring of dexterity
MPRegen  0.16/turn              a - +3 ring of slaying

@: divine shield, glowing, studying Dodging
A: retaliatory headbutt, horns 2
a: Divine Shield, Cleansing Flame, Summon Divine Warrior, Renounce Religion


You were in the Dungeon.
You worshipped the Shining One.
The Shining One was exalted by your worship.
You were not hungry.

You visited 1 branch

Inventory:

Hand Weapons
 G - a +9 sacred scourge of holy wrath (weapon)
 I - the +6 shillelagh "Devastator" {shatter}
   (You found it in the Dungeon)
Armour
 y - the +2 cloak of Elyvilon's Envy (worn) {rF+}
   (You found it in the Dungeon)

   It protects you from fire.
 E - +5 gold dragon scales (worn)
 F - a +3 large shield (worn)
Jewellery
 a - a +3 ring of slaying (right hand)
 w - a +6 ring of dexterity (left hand)
Wands
 B - a wand of disintegration (7)
 C - a wand of iceblast (6)
 D - a wand of acid (7)
Scrolls
 k - 4 scrolls of blinking
 n - 2 scrolls of enchant weapon
 p - 4 scrolls of amnesia
 q - 7 scrolls of fog
 r - 5 scrolls of identify
 s - 5 scrolls of remove curse
 t - 2 scrolls of fear
 x - a scroll of brand weapon
Potions
 d - 6 potions of might
 f - 10 potions of curing
 g - 8 potions of heal wounds
 h - 6 potions of haste
 i - 7 potions of magic
 j - 3 potions of berserk rage
 l - 2 potions of brilliance
 m - 4 potions of resistance
 o - 6 potions of agility
Books
 b - a manual of Dodging
Miscellaneous
 c - a lamp of fire
 u - a lightning rod (4/4)
 v - a phial of floods
Comestibles
 e - 7 rations {!d}


   Skills:
 + Level 14.2 Fighting
 + Level 13.8 Maces & Flails
 + Level 13.9 Armour
 + Level 14.3 Dodging
 + Level 13.9 Shields
 + Level 11.2 Invocations


You had 10 spell levels left.
You didn't know any spells.
Your spell library was empty.

Dungeon Overview and Level Annotations

Branches:
Dungeon (1/1)

Altars:
Ashenzari
Cheibriados
Dithmenos
Elyvilon
Fedhas
Gozag
Hepliaklqana
Kikubaaqudgha
Lugonu
Makhleb
Nemelex Xobeh
Okawaru
Qazlal
Ru
Sif Muna
Trog
Uskayaw
Vehumet
Wu Jian
Xom
Yredelemnul
Zin
The Shining One
Beogh
Jiyva


Innate Abilities, Weirdness & Mutations

You reflexively headbutt those who attack you in melee.
You have a pair of horns on your head.


Message History

The dire elephant is almost dead.
Your angel hits the spriggan defender but does no damage.
Your angel completely misses the spriggan defender.
You block the dire elephant's attack. x2
You whack the dire elephant!
You kill the dire elephant!
You feel a little less mighty now.
Your angel gestures.
Your angel is healed somewhat.
The spriggan rider hits you from afar with a +0 spear!
* * * LOW HITPOINT WARNING * * *
You block the elephant's attack. x2
You whack the anaconda!
The anaconda is lightly wounded.
You block the anaconda's attack. The anaconda bites you.
* * * LOW HITPOINT WARNING * * *
Your angel gestures.
Your angel is healed somewhat.
You block the elephant's attack. The elephant trunk-slaps you.
You die...

▓..)}:.|..▓..[.
▓..=|[.[..▓..|..)|..▓...|
▓.........▓.........▓....
▓.........▓.........▓....
▓.........▓.........▓....
▓..b......▓.........▓....
▓.....i...▓.........▓.▓..
▓.▓..Aii▓Y▓.▓..†..▓.▓....
▓....YiS@.▓...†©†...▓▓▓▓▓
▓▓▓▓▓▓▓▓▓▓▓▓▓▓▓▓▓▓▓▓▓


You could see a death yak (berserk), an elephant (berserk), a spriggan defender,
an anaconda, a spriggan rider, a spriggan berserker, a spriggan druid and a
friendly angel.

Vanquished Creatures
  An entropy weaver (D)
  A dire elephant (D)
  A dancing weapon (D)
  2 hell hogs (D)
  A deep elf knight (D)
  2 slime creatures (D)
  2 wolf spiders (D)
  A deep elf mage (D)
  A shining eye (D)
  A large abomination (D)
  A torpor snail (D)
  An efreet (D)
  A freezing wraith (D)
  2 dryads (D)
  A polar bear (D)
  3 jumping spiders (D)
  A water elemental (D)
  3 tarantellas (D)
  An air elemental (D)
  A fire elemental (D)
  A water moccasin (D)
  A porcupine (shapeshifter) (D)
  2 hell hounds (D)
  2 orc warriors (D)
  2 ice beasts (D)
  3 phantoms (D)
  A wolf (shapeshifter) (D)
  2 wights (D)
  A quasit (D)
  3 orc priests (D)
  A jelly (D)
  An orc wizard (D)
  2 iron imps (D)
  An adder (D)
  4 ufetubi (D)
  2 oozes (D)
  A ball python (D)
  A bat skeleton (D)
  A bat zombie (D)
  A ball python skeleton (D)
  A ball python zombie (D)
  A giant cockroach simulacrum (D)
  A jackal simulacrum (D)
  A quokka simulacrum (D)
65 creatures vanquished.

Notes
Turn   | Place    | Note
-------+----------+-------------------------------------------
     0 | D        | Freyura the Minotaur Fighter began the quest for the Orb.
     0 | D        | Reached XP level 1. HP: 19/19 MP: 0/0
     8 | D        | Became a worshipper of the Shining One
    15 | D        | Found a bloodstained altar of Trog.
    15 | D        | Found a shimmering blue altar of Sif Muna.
    15 | D        | Found a sacrificial altar of Ru.
    15 | D        | Found a stormy altar of Qazlal.
    16 | D        | Found an iron altar of Okawaru.
    18 | D        | Found a sparkling altar of Nemelex Xobeh.
    18 | D        | Found a blossoming altar of Fedhas.
    19 | D        | Found the +6 Majin-Bo {vamp, *Drain Str+12 Int+24}
    19 | D        | Found the +7 great mace "Firestarter" {inner flame, rF++}
    20 | D        | Found a transporter.
    20 | D        | Found an ancient bone altar of Kikubaaqudgha.
    20 | D        | Found a viscous altar of Jiyva.
    20 | D        | Found a corrupted altar of Lugonu.
    20 | D        | Found a hazy altar of Hepliaklqana.
    20 | D        | Found a burning altar of Makhleb.
    20 | D        | Found an opulent altar of Gozag.
    61 | D        | Found the +6 shillelagh "Devastator" {shatter}
    61 | D        | Found the +11 plutonium sword {*Contam Stlth-}
    61 | D        | Found the +8 lance "Wyrmbane" {slay drac, rPois rF+ rC+
                  | AC+3}
    61 | D        | Found the +9 sword of Zonguldrok {reap}
    61 | D        | Found the cursed +13 scythe of Curses {drain, *Curse}
    61 | D        | Found the +0 sword of Power
    61 | D        | Found the +7 mace of Variability {chain chaos}
    61 | D        | Found the +7 Singing Sword {slice}
    61 | D        | Found the +7 longbow "Piercer" {penet, EV-2}
    65 | D        | Found the +9 heavy crossbow "Sniper" {velocity, Acc+∞ SInv}
    65 | D        | Found the +10 dark maul {crush}
    65 | D        | Found the +15 Maxwell's patent armour {-Cast -Tele rElec
                  | MR+ rCorr}
    65 | D        | Found the +18 shield of the Gong {rElec rN+ MR+ EV-5}
    65 | D        | Found the cursed +14 obsidian axe {chop, +Fly SInv *Curse}
   121 | D        | Reached skill level 5 in Fighting
   121 | D        | Reached skill level 5 in Armour
   121 | D        | Reached skill level 5 in Shields
   121 | D        | Reached XP level 2. HP: 29/29 MP: 1/1
   135 | D        | Entered arena 2.
   135 | D        | Noticed a wolf
   135 | D        | Noticed a porcupine
   135 | D        | Found a transporter.
   137 | D        | Killed a porcupine
   137 | D        | Reached skill level 5 in Maces & Flails
   137 | D        | Reached XP level 3. HP: 38/38 MP: 1/3
   137 | D        | Reached XP level 4. HP: 45/45 MP: 1/4
   137 | D        | Killed a wolf
   137 | D        | Reached skill level 5 in Dodging
   137 | D        | Reached XP level 5. HP: 52/52 MP: 1/6
   143 | D        | Entered arena 3.
   143 | D        | Noticed a water moccasin
   143 | D        | Reached * piety under the Shining One
   143 | D        | Found a transporter.
   146 | D        | Killed a water moccasin
   146 | D        | Reached XP level 6. HP: 61/61 MP: 1/8
   156 | D        | Entered arena 4.
   156 | D        | Reached ** piety under the Shining One
   156 | D        | Noticed a large abomination
   156 | D        | Found a transporter.
   159 | D        | Reached *** piety under the Shining One
   160 | D        | Killed a large abomination
   160 | D        | Reached skill level 5 in Invocations
   160 | D        | Reached XP level 7. HP: 70/70 MP: 3/10
   167 | D        | Entered arena 5.
   167 | D        | Reached **** piety under the Shining One
   167 | D        | Reached ***** piety under the Shining One
   167 | D        | Found a transporter.
   168 | D        | Found the +10 Vampire's Tooth {vamp}
   179 | D        | Entered arena 6.
   179 | D        | Noticed a water elemental
   179 | D        | Noticed an air elemental
   179 | D        | Noticed a +6 scimitar of holy wrath
   179 | D        | Noticed a deep elf mage
   179 | D        | Reached ****** piety under the Shining One
   179 | D        | Noticed a deep elf knight
   179 | D        | Found a transporter.
   182 | D        | Killed a +6 scimitar of holy wrath
   183 | D        | Killed a water elemental
   183 | D        | Reached XP level 8. HP: 47/79 MP: 11/11
   185 | D        | Killed a deep elf mage
   185 | D        | Reached skill level 10 in Fighting
   185 | D        | Killed a deep elf knight
   185 | D        | Reached skill level 10 in Armour
   185 | D        | Reached skill level 10 in Shields
   186 | D        | Killed an air elemental
   186 | D        | Reached skill level 10 in Maces & Flails
   193 | D        | Identified a +7 sacred scourge of holy wrath (a +5 demon
                  | whip blessed by the Shining One)
   193 | D        | Received a gift from the Shining One
   339 | D        | Entered arena 7.
   339 | D        | Noticed a hell hog
   339 | D        | Noticed an efreet
   339 | D        | Noticed a hell hog
   340 | D        | Found a transporter.
   344 | D        | Killed a hell hog
   344 | D        | Reached XP level 9. HP: 65/89 MP: 11/13
   348 | D        | Killed a hell hog
   351 | D        | Killed an efreet
   351 | D        | Reached skill level 10 in Dodging
   415 | D        | Entered arena 8.
   416 | D        | Found a transporter.
   439 | D        | Entered arena 9.
   439 | D        | Noticed a polar bear
   439 | D        | Noticed a freezing wraith
   440 | D        | Found a transporter.
   444 | D        | Killed a freezing wraith
   444 | D        | Reached XP level 10. HP: 97/97 MP: 15/15
   463 | D        | Entered arena 10.
   463 | D        | Noticed a shining eye
   465 | D        | Found a transporter.
   478 | D        | Killed a shining eye
   491 | D        | Got the +2 robe of Susudamm {Str+3}
   494 | D        | Entered arena 11.
   495 | D        | Found a transporter.
   516 | D        | Got the ring of Lechafix {MR+ Str+2 Slay-2 SInv}
   541 | D        | Entered arena 12.
   541 | D        | Noticed a torpor snail
   541 | D        | Noticed an entropy weaver
   541 | D        | Noticed a wolf spider
   541 | D        | Noticed a wolf spider
   544 | D        | Reached skill level 10 in Invocations
   547 | D        | Killed a wolf spider
   552 | D        | Killed an entropy weaver
   555 | D        | Killed a torpor snail
   555 | D        | Reached XP level 11. HP: 76/107 MP: 17/17
   563 | D        | Killed a wolf spider
   578 | D        | Found a transporter.
   586 | D        | Got the +2 cloak of Elyvilon's Envy {rF+}
   600 | D        | Entered arena 13.
   600 | D        | Noticed a dire elephant
   600 | D        | Noticed a spriggan berserker
   600 | D        | Noticed a spriggan defender
   600 | D        | Noticed a spriggan air mage
   600 | D        | Noticed a spriggan rider
   600 | D        | Noticed a spriggan druid
   602 | D        | Noticed an anaconda
   613 | D        | Noticed a death yak
   614 | D        | Killed a dire elephant
   615 | D        | HP: 2/110 [anaconda (5)]
   615 | D        | Slain by an elephant

Skill      XL: |  1  2  3  4  5  6  7  8  9 10 11 |
---------------+----------------------------------+-----
Fighting       | 5 6 7 9 11 12 13 14 | 14.2
Maces & Flails | 4 5 6 7 8 9 10 11 13 | 13.8
Armour         | 5 6 7 9 10 11 13 | 13.9
Dodging        | 3 4 5 6 7 9 10 13 14 | 14.3
Shields        | 5 6 7 8 9 10 11 13 | 13.9
Invocations    | 2 3 4 5 6 7 9 10 11 | 11.2

Action                   |  1- 3 |  4- 6 |  7- 9 | 10-12 || total
-------------------------+-------+-------+-------+-------++-------
Melee: Shillelagh        |     2 |     5 |     9 |       ||    16
       Headbutt          |       |     1 |     6 |    21 ||    28
       Sacred scourge    |       |       |    32 |    71 ||   103
Invok: Divine Shield     |       |     1 |     2 |     2 ||     5
       Brand Weapon With |       |       |     1 |       ||     1
       Cleansing Flame   |       |       |       |     1 ||     1
       Summon Divine War |       |       |       |     1 ||     1
Evoke: Wand              |       |       |       |     1 ||     1
  Use: Potion            |     1 |       |       |     3 ||     4
       Scroll            |       |       |       |     2 ||     2
Armor: Gold dragon scale |       |     1 |    15 |    46 ||    62
Dodge: Dodged            |       |       |    11 |    33 ||    44
Block: Large shield      |     2 |     2 |    60 |   120 ||   184
